Map: [G8] Babylon

Players

Spirit

  • Race: Terran Terran
  • Spawn Location: 5:00

Elazer - Winner!

  • Race: Zerg Zerg
  • Spawn Location: 11:00

Event: Gamers8 2023

VOD

Have the link to the VOD?

Description

Time

  • Played on: Aug. 4, 2023, 9:03 a.m.
  • Length: 27:42

All games in this series

Show
View Real Time Build Order
Export as new Build Order

Spirit Terran 

Build Orders: Command Center First, Hellion Banshee 

Get SALT Encoding   

  12  0:00  SCV  
  13  0:12  SCV  
  14  0:17  Supply Depot  
  14  0:24  SCV  
  15  0:39  SCV  
  16  0:51  SCV  
  17  0:59  Command Center  
  17  1:03  SCV  
  18  1:14  Barracks  
  18  1:17  SCV  
  19  1:22  Refinery  
  19  1:29  SCV  
  19  1:31  Refinery  
  20  1:42  SCV  
  21  1:54  SCV  
  22  2:00  Reaper  
  23  2:06  Orbital Command  
  23  2:11  Orbital Command  
  23  2:19  Factory  
  23  2:24  Supply Depot  
  23  2:33  SCV  
  23  2:34  Barracks Reactor  
  24  2:37  SCV  
  25  2:45  SCV  
  25  2:49  SCV  
  27  2:55  Command Center  
  27  2:57  SCV  
  28  3:01  SCV  
  29  3:06  Starport  
  29  3:09  SCV  
  30  3:14  SCV  
  30  3:15  Hellion  
  30  3:17  Hellion  
  30  3:19  Barracks Tech Lab  
  35  3:21  SCV  
  35  3:24  Supply Depot  
  36  3:27  SCV  
  36  3:33  SCV  
  38  3:36  Hellion  
  38  3:39  Hellion, SCV  
  43  3:44  Barracks Tech Lab  
  43  3:45  SCV  
  44  3:49  Banshee  
  44  3:51  SCV  
  44  3:52  Cloaking Field  
  48  3:57  SCV  
  49  4:03  Hellion x2, SCV  
  49  4:06  Marine  
  49  4:09  Orbital Command  
  55  4:11  Stimpack  
  55  4:13  SCV  
  55  4:16  SCV  
  57  4:23  Supply Depot  
  57  4:25  SCV  
  57  4:28  SCV  
  59  4:36  Barracks, Marine  
  59  4:37  SCV  
  59  4:38  SCV  
  62  4:40  Barracks, SCV  
  62  4:41  Refinery  
  62  4:42  Factory Reactor, Refinery, Banshee  
  66  4:48  Supply Depot  
  66  4:50  SCV x2  
  66  4:52  SCV  
  69  4:54  Marine  
  70  5:00  Engineering Bay  
  70  5:02  SCV, Engineering Bay  
  70  5:04  SCV  
  73  5:08  Orbital Command  
  73  5:10  Supply Depot  
  73  5:14  SCV  
  73  5:15  Barracks  
  73  5:16  Barracks, SCV  
  74  5:23  Supply Depot  
  74  5:26  SCV  
  76  5:28  SCV  
  76  5:34  SCV  
  76  5:35  Starport Reactor  
  77  5:36  Siege Tank  
  77  5:38  Marine, SCV  
  77  5:40  Marine, SCV  
  77  5:41  Marine x3  
  87  5:42  Supply Depot  
  87  5:46  SCV  
  88  5:50  Combat Shield, SCV  
  88  5:52  SCV  
  88  5:56  Marine  
  91  5:58  Marine x3  
  91  5:59  SCV  
  91  6:02  SCV  
  96  6:06  Barracks Reactor x2  
  96  6:08  Siege Tank, SCV  
  96  6:10  Supply Depot  
  96  6:11  Bunker, SCV, Supply Depot  
  100  6:12  Barracks Reactor, Medivac x2  
  100  6:14  SCV  
  107  6:18  Marine x2  
  107  6:19  Marine  
  107  6:21  Marine, SCV  
  113  6:29  Marine, Terran Infantry Armor Level 1, Terran Infantry Weapons Level 1  
  113  6:31  SCV  
  114  6:35  Refinery, SCV  
  114  6:36  Marine x3  
  114  6:37  Supply Depot  
  114  6:39  Marine  
  118  6:40  Supply Depot  
  118  6:43  Marine x2  
  120  6:47  Marine  
  120  6:54  Marine x4  
  121  6:59  Marine x2  
  121  7:01  Siege Tank, Medivac x2, Marine x2  
  130  7:05  Marine  
  135  7:11  Marine  
  135  7:12  Marine x3  
  139  7:16  Marine  
  139  7:17  Marine  
  139  7:18  Command Center  
  139  7:19  Marine x2  
  142  7:26  Supply Depot x2  
  142  7:35  Siege Tank, Marine x4  
  149  7:44  Armory  
  149  7:47  Medivac x2, Marine x5  
  158  7:53  Marine x4  
  158  7:57  Supply Depot  
  158  7:58  Supply Depot  
  162  8:05  Marine x3  
  158  8:16  Supply Depot  
  158  8:18  Supply Depot  
  158  8:19  Medivac x2, Marine x3  
  165  8:21  Marine x3  
  165  8:23  Marine x3  
  171  8:29  Siege Tank, SCV  
  171  8:39  Marine  
  171  8:40  Marine x2  
  150  8:48  Marine  
  150  8:49  Medivac x2  
  150  8:51  SCV  
  156  8:57  Marine  
  156  8:58  SCV  
  156  9:01  Marine  
  156  9:02  Marine x4  
  143  9:04  SCV  
  143  9:05  Marine x2  
  143  9:06  Marine, Orbital Command  
  143  9:07  Missile Turret  
  146  9:10  SCV  
  146  9:15  Marine  
  146  9:16  SCV  
  149  9:19  Medivac x2, Marine x2  
  149  9:22  SCV  
  156  9:30  Terran Infantry Weapons Level 2  
  156  9:32  Terran Infantry Armor Level 2  
  156  9:58  SCV  
  156  10:06  Marine, SCV  
  156  10:07  Marine, SCV  
  156  10:08  Liberator  
  156  10:10  SCV  
  156  10:12  Missile Turret  
  156  10:17  Planetary Fortress  
  156  10:29  Supply Depot  
  156  10:30  Supply Depot  
  156  10:31  SCV  
  156  10:32  Marine x3  
  156  10:33  SCV x2  
  156  10:43  Sensor Tower  
  156  10:44  Marine  
  156  10:50  Marine, Liberator  
  156  10:51  Liberator, SCV x3  
  156  10:52  Siege Tank  
  156  10:56  Sensor Tower  
  169  11:03  SCV x2  
  172  11:07  Marine  
  159  11:44  Missile Turret  
  159  11:46  Sensor Tower  
  159  11:50  Marine  
  159  11:51  Marine  
  148  11:56  Marine x2  
  148  11:57  Marine x2, SCV  
  148  11:58  Liberator  
  148  12:00  Marine  
  148  12:01  Orbital Command  
  148  12:02  Marine x2, SCV  
  148  12:04  Liberator  
  148  12:12  Factory  
  148  12:13  SCV  
  148  12:14  Marine  
  148  12:15  Marine  
  148  12:24  Supply Depot  
  148  12:26  Supply Depot x2  
  148  12:27  Supply Depot x2  
  148  12:44  Marine x2, SCV  
  148  12:46  Siege Tank, Marine x4, SCV  
  148  12:47  Medivac x2, Marine x3  
  163  12:56  SCV  
  163  12:58  SCV  
  165  13:02  Marine x2  
  157  13:06  Marine  
  157  13:07  Marine x3  
  157  13:11  Marine  
  157  13:12  Marine x2, SCV  
  157  13:19  Marine  
  157  13:27  Supply Depot x2  
  157  13:28  Supply Depot  
  157  13:31  Supply Depot  
  157  13:33  Orbital Command  
  157  13:36  Command Center  
  157  13:41  Missile Turret  
  157  13:46  Marine  
  157  13:47  Siege Tank, Marauder, SCV x2  
  157  13:48  Marine x7, Liberator x2  
  165  13:50  Terran Infantry Weapons Level 3  
  178  13:57  Sensor Tower  
  178  13:59  SCV x2  
  180  14:04  Marine  
  180  14:05  SCV  
  180  14:06  Marine x7, Factory Tech Lab  
  180  14:08  Marauder  
  191  14:11  SCV x2  
  191  14:13  Bunker  
  193  14:17  SCV  
  193  14:19  Siege Tank  
  197  14:25  Terran Infantry Armor Level 3  
  197  14:26  Supply Depot  
  197  14:32  Bunker  
  197  14:47  Marine  
  197  14:48  Marauder  
  197  14:51  Command Center  
  200  14:56  Bunker  
  200  15:10  Orbital Command  
  200  15:16  Barracks  
  200  15:17  Barracks  
  200  15:19  Barracks  
  200  15:23  Marine  
  200  15:24  Liberator  
  200  15:26  Siege Tank  
  200  15:27  Marauder  
  194  15:34  Siege Tank  
  195  15:42  Medivac  
  192  15:49  Marine  
  191  15:50  Marauder  
  191  15:52  Marine x6  
  197  15:58  Siege Tank  
  173  16:04  Marine  
  173  16:06  Siege Tank  
  173  16:07  Medivac, Marine  
  173  16:10  Marine x2  
  180  16:11  Marauder  
  177  16:30  Siege Tank  
  177  16:32  Marauder  
  175  16:38  Marine x5  
  175  16:39  Marine  
  179  16:45  Planetary Fortress  
  171  16:49  Marine  
  171  16:54  Marauder  
  172  17:15  Marauder, Marine, Orbital Command  
  169  17:19  Marine x2  
  158  17:28  Marine  
  124  17:36  Marauder  
  121  17:42  Marine  
  122  17:47  Marine x2  
  124  17:55  Marine  
  124  17:57  Marine x2  
  124  17:58  Marine x2  
  128  17:59  Marine  
  125  18:09  Orbital Command  
  125  18:13  Marine  
  125  18:14  Marine x3  
  125  18:15  Marine  
  125  18:19  Marine x3  
  133  18:22  Marine  
  134  18:31  Marine x3  
  137  18:36  Siege Tank  
  140  18:46  Liberator  
  143  18:55  Liberator  
  146  18:59  Sensor Tower  
  146  19:01  Marine x6  
  152  19:04  Marine  
  152  19:05  Marine  
  152  19:06  Missile Turret  
  154  19:12  Siege Tank, Marine  
  158  19:18  Marine  
  158  19:23  Refinery  
  159  19:25  Refinery x2  
  159  19:28  Marine, Refinery  
  159  19:30  Marauder  
  162  19:34  SCV x2  
  162  19:36  Marine x2  
  166  19:40  Marine x2  
  168  19:45  Marine  
  168  19:46  Marine x2, SCV x2  
  173  19:58  Liberator  
  176  20:01  Missile Turret  
  176  20:04  Marine x3  
  176  20:05  Marine  
  180  20:07  Marine  
  181  20:16  Marine  
  179  20:34  Marine x6  
  181  20:35  Barracks Tech Lab x2  
  181  20:37  Ghost Academy  
  181  20:48  Marine  
  181  20:53  Marine  
  181  20:54  Marine  
  181  20:55  Marine x4  
  181  20:59  Marine x2  
  181  21:00  Siege Tank  
  168  21:05  Supply Depot  
  159  21:30  Missile Turret  
  146  21:34  Marine  
  146  21:35  Marine  
  147  21:50  Siege Tank  
  144  22:03  Orbital Command  
  144  22:05  Marine  
  144  22:34  Orbital Command  
  144  22:37  Siege Tank  
  144  22:42  Marine x2  
  139  23:26  Command Center  
  100  25:20  Orbital Command  
  71  26:03  Marine x3  
  71  26:04  Marine x6  
  80  26:08  Marine  
  80  26:17  Marine x2  
  70  26:24  Marine  
  67  26:31  Marine  
  68  26:34  Marine  
  68  26:38  Marine  
  70  26:43  Marine, Orbital Command  
  65  26:56  Marine  
  64  27:18  Marine  
Show
View Real Time Build Order
Export as new Build Order

Elazer Zerg - Winner!

Build Orders: Hatch First 

Get SALT Encoding   

  12  0:00  Drone  
  13  0:12  Overlord  
  13  0:17  Drone  
  14  0:30  Drone x2  
  16  0:48  Hatchery  
  15  0:51  Drone  
  15  0:55  Drone  
  17  0:58  Drone  
  18  1:09  Extractor  
  17  1:13  Spawning Pool  
  17  1:17  Drone  
  17  1:20  Drone  
  18  1:27  Drone  
  19  1:38  Drone  
  20  1:48  Drone  
  21  1:59  Queen  
  21  2:00  Queen, Drone x2  
  27  2:10  Drone  
  27  2:11  Overlord  
  28  2:22  Hatchery  
  27  2:24  Drone  
  27  2:29  Drone  
  29  2:31  Drone  
  29  2:32  Drone  
  31  2:37  Queen  
  31  2:41  Metabolic Boost  
  33  2:46  Overlord  
  33  2:49  Drone  
  34  2:53  Drone  
  34  2:54  Drone  
  36  3:05  Overlord  
  36  3:07  Drone  
  36  3:09  Drone x3  
  40  3:15  Queen  
  40  3:16  Queen  
  44  3:24  Drone  
  44  3:26  Zergling x2  
  46  3:27  Overlord  
  46  3:32  Drone  
  46  3:33  Queen  
  49  3:34  Drone  
  49  3:40  Drone x3  
  53  3:42  Drone x2  
  53  3:46  Overlord  
  53  3:48  Drone x3  
  58  3:54  Queen  
  60  3:57  Queen  
  60  4:00  Overlord  
  62  4:06  Drone x3  
  62  4:09  Drone x2  
  67  4:14  Drone x5  
  72  4:21  Overlord  
  72  4:25  Zergling x10  
  72  4:28  Zergling x2  
  72  4:31  Overlord  
  78  4:32  Queen  
  78  4:34  Queen  
  81  4:39  Lair  
  81  4:43  Extractor  
  81  4:45  Drone x5  
  85  4:47  Baneling Nest, Overlord  
  85  4:49  Drone x2  
  85  4:52  Drone x2  
  88  4:57  Zergling x2  
  89  5:03  Overlord  
  89  5:04  Spore Crawler  
  89  5:05  Zergling x4  
  89  5:06  Extractor  
  89  5:07  Zergling x2  
  89  5:08  Zergling x2  
  89  5:12  Hatchery  
  90  5:15  Spore Crawler, Drone, Overlord  
  90  5:18  Drone x5  
  95  5:21  Drone x3  
  95  5:27  Extractor x2  
  96  5:30  Overlord  
  96  5:32  Drone x2  
  96  5:34  Drone x3  
  101  5:36  Centrifugal Hooks  
  101  5:38  Evolution Chamber  
  101  5:39  Drone  
  101  5:40  Evolution Chamber  
  101  5:42  Drone x4  
  104  5:47  Overseer  
  102  5:54  Overlord  
  102  5:56  Drone x5  
  105  5:59  Hatchery  
  104  6:05  Overlord  
  104  6:07  Zerg Ground Armor Level 1, Zerg Melee Weapons Level 1  
  104  6:11  Overlord  
  104  6:14  Drone x7  
  111  6:19  Burrow  
  111  6:22  Zergling x4  
  111  6:23  Zergling x6  
  116  6:28  Zergling x2  
  116  6:32  Overlord  
  117  6:34  Zergling x8  
  117  6:38  Spore Crawler  
  117  6:39  Zergling x12  
  128  6:40  Zergling x4  
  128  6:45  Hatchery, Drone  
  128  6:51  Drone x2  
  128  6:52  Overlord  
  129  6:56  Zergling x6  
  132  7:01  Overlord x3  
  132  7:07  Zergling x16  
  138  7:12  Zergling x8  
  142  7:21  Zergling x4  
  144  7:23  Overlord  
  144  7:27  Zergling x6  
  142  7:32  Zergling x10  
  142  7:36  Baneling x21  
  146  7:39  Overlord  
  146  7:42  Baneling x12  
  146  7:44  Zergling x14  
  149  7:49  Zergling x2  
  145  7:53  Overseer  
  145  7:56  Zergling x18  
  154  8:00  Baneling  
  154  8:01  Baneling x6  
  154  8:03  Zerg Melee Weapons Level 2, Zerg Ground Armor Level 2  
  154  8:04  Zergling x16  
  162  8:07  Hatchery  
  155  8:13  Zergling x12  
  155  8:18  Zergling x10  
  155  8:19  Overseer, Baneling x14  
  166  8:26  Zergling x16  
  174  8:30  Zergling x6  
  174  8:31  Zergling x4  
  165  8:36  Zergling x14  
  150  8:42  Zergling x12  
  150  8:48  Zergling x2  
  150  8:49  Zergling x2  
  150  8:54  Zergling x18  
  159  9:00  Zergling x12  
  159  9:02  Zergling x8  
  138  9:06  Baneling x13  
  138  9:07  Baneling x2  
  138  9:08  Baneling  
  139  9:10  Zergling x4  
  139  9:11  Zergling x2  
  141  9:17  Zergling x12  
  147  9:26  Drone x9  
  156  9:35  Pneumatized Carapace  
  156  9:41  Zergling x2  
  156  9:42  Zergling x12  
  156  9:43  Zergling x2  
  164  9:51  Hatchery  
  162  9:53  Zergling x26  
  162  9:59  Hatchery  
  157  10:01  Drone x2  
  157  10:04  Zergling x18  
  163  10:18  Zergling x14  
  163  10:19  Hatchery, Zergling x4  
  171  10:23  Zergling x10  
  171  10:24  Zergling x2  
  177  10:32  Zergling x6  
  174  10:47  Zergling x2  
  174  10:48  Zergling x30  
  190  10:50  Infestation Pit  
  190  10:56  Zergling x2  
  190  10:57  Zergling x4  
  187  11:10  Zergling x16  
  186  11:17  Zergling x30  
  185  11:24  Zergling x4  
  185  11:25  Zergling x2  
  177  11:32  Spore Crawler  
  169  11:33  Spore Crawler, Zergling x10  
  169  11:37  Baneling x6  
  172  11:42  Zergling x10  
  170  11:52  Zergling x8  
  164  11:56  Zergling x2  
  153  12:05  Baneling x21  
  153  12:06  Zergling x10  
  149  12:13  Zergling x8  
  146  12:17  Queen x3  
  146  12:20  Zergling x4  
  146  12:22  Baneling x11  
  151  12:25  Drone x3  
  154  12:30  Drone x2  
  154  12:36  Overseer  
  154  12:44  Zergling x12  
  160  12:54  Zergling x10  
  141  13:15  Drone x9  
  141  13:16  Zergling x14  
  156  13:23  Hive  
  156  13:25  Drone x4  
  156  13:26  Drone  
  157  13:32  Hydralisk Den  
  156  13:35  Queen, Hatchery  
  156  13:36  Drone x3  
  156  13:37  Drone x2  
  162  13:43  Baneling x12  
  162  13:54  Hatchery  
  162  13:55  Zergling x20  
  171  13:56  Baneling x2  
  171  13:57  Baneling x3  
  171  14:07  Zergling x16  
  179  14:15  Baneling x2  
  179  14:17  Hatchery  
  178  14:20  Zergling x2  
  178  14:21  Zergling x18  
  188  14:28  Baneling x9  
  188  14:29  Baneling x5  
  188  14:36  Baneling x25  
  188  14:41  Queen  
  188  14:43  Adrenal Glands  
  190  14:49  Viper x3  
  199  15:08  Drone  
  200  15:14  Spore Crawler  
  200  15:15  Spore Crawler x3  
  200  15:17  Spore Crawler x2  
  162  15:30  Zergling x50  
  178  15:39  Zergling x16  
  185  15:46  Zergling x10  
  185  15:56  Zergling x12  
  177  16:24  Zergling x30  
  187  16:26  Grooved Spines  
  160  16:41  Zergling x18  
  160  16:45  Baneling x7  
  162  16:55  Zergling x2  
  162  16:56  Zergling x8  
  164  17:01  Baneling x5  
  164  17:04  Zergling x8  
  164  17:08  Zergling x10  
  150  17:27  Zergling x10, Drone x7  
  115  17:32  Hydralisk x5  
  110  17:41  Zergling x10  
  110  17:43  Baneling x10  
  113  17:50  Baneling x5  
  111  17:52  Zergling x10  
  113  18:04  Viper x4  
  124  18:11  Zergling x4  
  126  18:13  Zergling x2  
  118  18:29  Overseer  
  118  18:44  Hatchery, Baneling  
  118  18:46  Zergling x14  
  124  18:51  Baneling x2  
  123  19:01  Zergling x16  
  131  19:20  Hatchery  
  130  19:27  Zergling x2  
  130  19:28  Zergling x12  
  130  19:31  Muscular Augments  
  137  19:37  Drone x4  
  141  19:42  Drone x2  
  143  20:03  Overseer x2  
  143  20:07  Hydralisk  
  143  20:11  Hatchery  
  144  20:22  Hydralisk x5  
  144  20:27  Hydralisk  
  149  20:35  Zergling x4  
  149  20:36  Zergling x10  
  149  20:40  Zergling x6  
  159  20:48  Zergling x8  
  146  21:07  Zergling x12  
  146  21:08  Zergling x12  
  149  21:19  Baneling Nest  
  143  21:32  Hydralisk x6  
  124  21:45  Hydralisk  
  122  22:21  Hatchery  
  96  23:00  Viper x3  
  101  23:37  Hatchery  
  100  23:43  Hydralisk  
  100  23:44  Hydralisk x2  
  106  23:56  Hydralisk x2  
  110  24:15  Spawning Pool  
  106  24:40  Hatchery  
  102  25:06  Hatchery  
  100  25:10  Spawning Pool  
  91  25:56  Zergling x14  
  88  26:05  Zergling x2  
  79  26:20  Zergling x6  
  78  26:25  Zergling x2  
  78  26:31  Queen x2  
  78  26:32  Lair  
  83  26:33  Zergling x6  
  83  26:39  Hatchery  
  85  26:43  Zergling x6  
  88  26:54  Zergling x6  
  90  27:04  Baneling Nest, Zergling x6  
  90  27:05  Extractor  
  91  27:17  Zergling x6  
  94  27:24  Zergling x6  
Tags
 
Add a new tag
Caveats
  • Supply blocks, unpowered buildings, or Contaminate may cause inaccurate times.
  • Supply counts are checked every 10 seconds.